 Dungeon Crawl Stone Soup version 0.31-a0-496-g6f97920a28 (webtiles) character file.

Game seed: 17275903452475682881

99 experimilk the Ruffian (level 4, -14/41 HPs)
             Began as a Troll Gladiator on Aug 8, 2023.
             Demolished by an ogre
             ... wielding a +0 giant club
              (28 damage)
             ... on level 2 of the Dungeon.
             The game lasted 00:01:58 (1044 turns).

experimilk the Ruffian (Troll Gladiator)            Turns: 1044, Time: 00:01:59

Health: -14/41     AC:  4    Str: 24    XL:     4   Next: 45%
Magic:  3/3        EV: 10    Int:  4    God:
Gold:   51         SH:  0    Dex: 11    Spells: 3/3 levels left

rFire   . .          .
                       - Unarmed
rCold   . . .        (no shield)
rNeg    . . .        a - +0 robe
rPois   .            b - +0 hat
rElec   .            (no cloak)
rCorr   .            (gloves unavailable)
SInv    .            (boots unavailable)
Will    .....        (no amulet)
Stlth   +            (no ring)
HPRegen 1.06/turn    (no ring)
MPRegen 0.08/turn

%: no passive effects
@: no status effects
A: large, unfitting armour, claws 3, regeneration 1, shaggy fur 1, tough skin 1
a: no special abilities


You were on level 2 of the Dungeon.
You visited 1 branch of the dungeon, and saw 2 of its levels.

You collected 81 gold pieces.
You spent 30 gold pieces at shops.

Inventory:

Missiles
 c - 3 throwing nets
 d - a large rock
 k - 3 poisoned darts (quivered)
 l - 2 atropa-tipped darts
Armour
 a - a +0 robe (worn)
 b - a +0 hat (worn)
Scrolls
 e - a scroll of vulnerability {unknown}
 f - a scroll of enchant armour {unknown}
 h - a scroll of identify {unknown}
 i - 2 scrolls of enchant weapon {unknown}
Potions
 g - a potion of lignification {unknown}
 j - a potion of attraction {unknown}
 m - a potion of curing


   Skills:
 - Level 1.5 Fighting
 - Level 1.7 Throwing
 - Level 2.4 Dodging
 + Level 5.3 Unarmed Combat


You had 3 spell levels left.
You didn't know any spells.
Your spell library contained the following spells:

 Spells                   Type           Power      Damage    Failure   Level
 Foxfire                  Conj/Fire      0%         2x1d4     50%         1
 Slow                     Hex            0%         N/A       50%         1
 Confusing Touch          Hex            0%         N/A       86%         3
 Vampiric Draining        Necr           0%         2d6       86%         3
 Plasma Beam              Fire/Air       0%         2x1d10    100%        6
 Starburst                Conj/Fire      0%         6d3       100%        6


Dungeon Overview and Level Annotations

Branches:
Dungeon (2/15)

Altars:

Shops:
D:2 !:*


Innate Abilities, Weirdness & Mutations

You are too large for most types of armour.
You have claws for hands.
Your natural rate of healing is unusually fast.
You are covered in fur. (AC +1)
You have tough skin. (AC +1)


Message History

You throw a poisoned dart. The poisoned dart hits the gnoll.
The gnoll is poisoned.
The ogre seems less confused.
Throw: 5 darts (poison)
Press: ? - help, Q - select action, (/) - cycle Shift-Dir - straight line, f - ogre, p - gnoll
Aim: an ogre, wielding a +0 giant club (blind, 69% to hit)
You throw a poisoned dart.
The poisoned dart barely misses the ogre.
The gnoll hits you but does no damage.
Throw: 4 darts (poison)
Press: ? - help, Q - select action, (/) - cycle Shift-Dir - straight line, f/p - ogre
Aim: an ogre, wielding a +0 giant club (blind, 69% to hit)
You throw a poisoned dart.
The poisoned dart barely misses the ogre.
The gnoll hits you from afar with a +0 spear!
Unknown command.
Unknown command.
The ogre closely misses you. The gnoll barely misses you.
You claw the ogre!
The ogre is moderately wounded.
The ogre is no longer blind.
A gnoll comes into view. It is wielding a +0 whip.
The gnoll hits you with a +0 spear! The ogre barely misses you.
You scratch the ogre.
The ogre is heavily wounded.
A gnoll comes into view. It is wielding a +0 spear.
The gnoll closely misses you.
You claw the ogre!
The ogre is almost dead.
The gnoll barely misses you. The ogre hits you with a +0 giant club!
* * * LOW HITPOINT WARNING * * *
You scratch the ogre.
The ogre is almost dead.
The gnoll looks more healthy.
The gnoll barely misses you.
You scratch the ogre.
The ogre is almost dead.
A quokka comes into view.
The ogre hits you with a +0 giant club!!
Ouch! That really hurt!
You die...

#......|#.>....
..####..####.#.
##....†.... .
#..##.##.#. .. #
##.###..#.## ...##r #..#
#.#.†# .....g#### ##.##
#.##.# ...#...g.###..#
#.##.# #....gO@[#...##
#.##..
#..........########.#...
#(......#...#..........#
####.........(..........
#............).......
######.......#..#....
..###...##..<... .##
#.......#... ##
#.....#.#...


You could see an ogre, 3 gnolls and a quokka (wandering).

Vanquished Creatures
  Jessica (D:2)
  Terence (D:2)
  2 worms (D:2)
  5 dart slugs
  3 endoplasms (D:1)
  2 giant cockroaches
  5 goblins
  2 hobgoblins (D:1)
  A kobold (D:1)
  2 quokkas
  5 bats
  3 frilled lizards
  3 rats
35 creatures vanquished.

Notes
Turn   | Place    | Note
-------+----------+-------------------------------------------
     0 | D:1      | experimilk the Troll Gladiator began the quest for the Orb.
     0 | D:1      | Reached XP level 1. HP: 19/19 MP: 0/0
    92 | D:1      | Reached XP level 2. HP: 27/27 MP: 1/1
   549 | D:1      | Reached skill level 4 in Unarmed Combat
   851 | D:2      | Reached XP level 3. HP: 26/33 MP: 2/2
   857 | D:2      | Noticed Jessica
   870 | D:2      | Killed Jessica
   932 | D:2      | Found Heschuilo's Book Boutique.
   934 | D:2      | Found Mimpoi's General Store.
   943 | D:2      | Noticed Terence
   957 | D:2      | Killed Terence
   958 | D:2      | Reached skill level 5 in Unarmed Combat
   958 | D:2      | Reached XP level 4. HP: 39/41 MP: 3/3
   970 | D:2      | Bought a potion of curing for 30 gold pieces
   980 | D:2      | Found Bystruhi's Distillery.
  1033 | D:2      | Noticed an ogre
  1044 | D:2      | Demolished by an ogre

Illustrated notes

Levels and vault maps discovered:
D:1:      dpeg_arrival_pond, layout_basic, serial_glass, glass_columns_a,
          glass_columns_c, glass_columns_b, glass_columns_b, glass_columns_a,
          glass_columns_a, amethyst_killhole, minmay_octomino_e4
D:2:      layout_rooms, serial_shops, shop, shop_statue, shop,
          nicolae_shop_industrial_runoff, serial_bayou_pond_d, uniq_jessica,
          uniq_terence, uniq_crazy_yiuf_cottage

Skill      XL: |  1  2  3 |
---------------+----------+-----
Unarmed Combat | 4 5 |  5.3
Fighting       | |  1.5
Throwing       | |  1.7
Dodging        | |  2.4

Action                     |  1- 3 |  4- 6 || total
---------------------------+-------+-------++-------
  Melee: Unarmed           |    65 |    19 ||    84
         Punch             |     1 |     1 ||     2
  Throw: Dart              |     4 |     4 ||     8
   Stab: Sleeping          |     1 |       ||     1
         Invisible         |     1 |       ||     1
 Armour: Robe              |     9 |    11 ||    20
  Dodge: Dodged            |    26 |    18 ||    44

Table legend: (Time is in decaauts)
 A = Elapsed time spent in this place.
 B = Non-inter-level travel time spent in this place.
 C = Inter-level travel time spent in this place.
 D = Time resting spent in this place.
 E = Time spent auto-exploring this place.
 F = Levels seen in this place.
 G = Mean time per level.
                   A        B        C        D        E       F      G
               +--------+--------+--------+--------+--------+-----+--------+
         Total |   1036 |   1020 |     16 |      3 |    802 |   2 |  518.0 |
       Dungeon |   1036 |   1020 |     16 |      3 |    802 |   2 |  518.0 |
               +--------+--------+--------+--------+--------+-----+--------+

Top non-repeatable levels by time:
     D:1: 838 daAuts
     D:2: 198 daAuts
